 Dungeon Crawl Stone Soup version 0.31-a0-1576-ga3383bade6 (webtiles) character file.

Game seed: 3474452129436532591

660 Gelion the Digger (level 7, 0/41 HPs)
             Began as a Gargoyle Earth Elementalist on Jan 4, 2024.
             Slain by Menkaure (14 damage)
             ... on level 5 of the Dungeon.
             The game lasted 00:09:45 (4311 turns).

Gelion the Digger (Gargoyle Earth Elementalist)     Turns: 4311, Time: 00:09:46

Health: 0/41       AC: 12    Str: 12    XL:     7   Next: 56%
Magic:  5/12       EV: 11    Int: 17    God:
Gold:   231        SH:  0    Dex: 10    Spells: 5/13 levels left

rFire   . . .        n - +5 Force Lance {heavy, knockback}
rCold   . . .        (no shield)
rNeg    + . .        a - +0 robe
rPois   ∞            w - +0 helmet
rElec   +            k - +0 cloak
rCorr   .            (no gloves)
SInv    +            (no boots)
Will    .....        (no amulet)
Stlth   ++           f - ring of see invisible
HPRegen 0.26/turn    h - +4 ring of protection
MPRegen 0.13/turn

%: no passive effects
@: no status effects
A: sickness immunity, AC +4, negative energy resistance 1, electricity
resistance, torment resistance 1, petrification resistance
a: no special abilities


You were on level 5 of the Dungeon.
You visited 1 branch of the dungeon, and saw 5 of its levels.

You collected 231 gold pieces.

Inventory:

Hand Weapons
 n - the +5 Force Lance (weapon) {heavy, knockback}
   (You found it on level 3 of the Dungeon)
Missiles
 d - 2 throwing nets
Armour
 a - a +0 robe (worn)
 k - a +0 cloak (worn)
 w - a +0 helmet (worn)
Jewellery
 f - a ring of see invisible (left hand)
 h - a +4 ring of protection (right hand)
 l - a ring of protection from cold
 o - a ring of flight
 p - a ring of positive energy
Wands
 c - a wand of charming (4)
 u - a wand of digging (5)
Scrolls
 g - a scroll of immolation
 m - 4 scrolls of identify
 q - 2 scrolls of blinking {unknown}
 r - 2 scrolls of poison {unknown}
 s - 2 scrolls of torment {unknown}
 v - a scroll of teleportation {unknown}
Potions
 b - 2 potions of magic
 e - 2 potions of attraction
 i - a potion of mutation {unknown}
 j - a potion of enlightenment {unknown}
 t - a potion of heal wounds {unknown}
 x - a potion of curing {unknown}


   Skills:
 + Level 3.6 Fighting
 - Level 1.5 Dodging
 - Level 2.1 Stealth
 + Level 3.7 Spellcasting
 + Level 3.8 Conjurations
 * Level 7.0 Earth Magic


You had 5 spell levels left.
You knew the following spells:

 Your Spells              Type           Power      Damage    Failure   Level
a - Sandblast             Erth           54%        2d13      1%          1
b - Stone Arrow           Conj/Erth      42%        3d9       4%          3
c - Brom's Barrelling Bo  Conj/Erth      21%        2d4       17%         4

Your spell library contained the following spells:

 Spells                   Type           Power      Damage    Failure   Level
 Passwall                 Erth           27%        N/A       2%          3
 Sting                    Conj/Alch      36%        1d5       8%          1
 Apportation              Tloc           6%         N/A       16%         1
 Necrotise                Necr           12%        1d4       16%         1
 Summon Small Mammal      Summ           12%        N/A       16%         1
 Petrify                  Alch/Erth      15%        N/A       36%         4
 Call Canine Familiar     Summ           3%         N/A       43%         3
 Sigil of Binding         Hex            3%         N/A       43%         3
 Dimensional Bullseye     Hex/Tloc       1%         N/A       85%         4
 Ignite Poison            Fire/Alch      3%         N/A       85%         4
 Summon Blazeheart Golem  Fire/Summ      3%         N/A       85%         4
 Freezing Cloud           Conj/Ice/Air   3%         6-21      95%         5
 Orb of Destruction       Conj           8%         9d6       100%        7
 Spellforged Servitor     Conj/Summ      4%         N/A       100%        7
 Cigotuvi's Dreadful Rot  Necr/Alch/Air  Unusable   N/A       N/A         2

Dungeon Overview and Level Annotations

Branches:
Dungeon (5/15)
 Temple: D:4-7

Altars:
Qazlal

Annotations:
D:5 Menkaure


Innate Abilities, Weirdness & Mutations

You are immune to sickness and miasma.
Your stone body is resilient. (AC +4)
You are immune to poison.
You resist negative energy. (rN+)
You are resistant to electric shocks. (rElec)
You are resistant to unholy torment.
You are immune to petrification.


Message History

There is an open door here.
There is a stone staircase leading down here.
You climb downwards.
Found a kite shield and a ring mail.
Found an escape hatch in the ceiling.
Found a stone staircase leading down.
There is a stone staircase leading up here.
There are monsters nearby!
The blast of sand hits the hound.
The hound is lightly wounded.
The hound barks!
Menkaure shouts!
Menkaure casts a spell.
Menkaure seems to speed up.
The hound barely misses you.
The blast of sand hits the hound!
The hound is severely wounded.
The hound bites you but does no damage. x2
The blast of sand hits the hound!
You kill the hound!
Menkaure hits you!
The blast of sand misses Menkaure.
Menkaure hits you but does no damage. Menkaure hits you!
The blast of sand hits Menkaure!
Menkaure is moderately damaged.
Menkaure points at you and mumbles some strange words.
Pain shoots through your body! Menkaure hits you.
You are too injured to fight recklessly!
Unknown command.
Menkaure is nearby!
Unknown command.
You are too injured to fight recklessly!
Unknown command.
Okay, then.
Casting: Sandblast (safe; 1% risk of failure)
Confirm with . or Enter, or press ? or * to list all spells.
Aiming: Stone Arrow (dangerous; 4% risk of failure)
Press: ? - help, Shift-Dir - straight line, f/p - Menkaure
Aim: Menkaure (moderately damaged, fast, 86% to hit)
The stone arrow hits Menkaure!
Menkaure is almost destroyed.
Menkaure hits you!
You die...

..........<....
.......>.......
...............
...............
...............
............[..
............#
.......@...#
......[.M..#
###..##.##.# ##
#.# # ... #..
#.. #...


You could see Menkaure (fast).

Vanquished Creatures
  A black bear (D:4)
  A bullfrog (D:4)
  A scorpion (D:4)
  4 hounds
  Crazy Yiuf (D:2)
  2 orc priests (D:4)
  2 orc wizards
  Robin (D:2)
  6 adders
  2 dart slugs
  3 ribbon worms
  13 orcs
  4 ball pythons
  12 bats
  12 endoplasms
  3 giant cockroaches
  11 goblins
  9 hobgoblins
  5 jackals
  5 quokkas
  A frilled lizard (D:1)
  6 kobolds
  2 rats
107 creatures vanquished.

Notes
Turn   | Place    | Note
-------+----------+-------------------------------------------
     0 | D:1      | Gelion the Gargoyle Earth Elementalist began the quest for
                  | the Orb.
     0 | D:1      | Reached XP level 1. HP: 10/10 MP: 3/3
   241 | D:1      | Reached XP level 2. HP: 16/16 MP: 0/5
   381 | D:1      | Reached skill level 4 in Earth Magic
   904 | D:2      | Found a faded altar of an unknown god.
   923 | D:2      | Reached skill level 1 in Fighting
   923 | D:2      | Reached XP level 3. HP: 18/20 MP: 3/6
  1020 | D:2      | Found a stormy altar of Qazlal.
  1143 | D:2      | Reached XP level 4. HP: 17/25 MP: 2/7
  1631 | D:2      | Noticed Robin
  1647 | D:2      | Killed Robin
  1648 | D:2      | Reached skill level 5 in Earth Magic
  1676 | D:2      | Reached XP level 5. HP: 29/30 MP: 0/9
  2111 | D:2      | Found a runed translucent door.
  2112 | D:2      | Noticed Crazy Yiuf
  2118 | D:2      | Killed Crazy Yiuf
  2420 | D:3      | Learned a level 3 spell: Stone Arrow
  2425 | D:3      | Learned a level 4 spell: Brom's Barrelling Boulder
  2539 | D:3      | Found the +5 Force Lance {heavy, knockback}
  2964 | D:4      | Reached XP level 6. HP: 20/36 MP: 7/10
  3221 | D:4      | Reached skill level 6 in Earth Magic
  3722 | D:4      | Reached XP level 7. HP: 40/41 MP: 7/12
  4112 | D:4      | Reached skill level 7 in Earth Magic
  4305 | D:5      | Entered Level 5 of the Dungeon
  4305 | D:5      | Noticed Menkaure
  4311 | D:5      | Slain by Menkaure

Illustrated notes

Levels and vault maps discovered:
D:1:      dpeg_arrival_rooms_c, layout_loops_ring,
          minmay_misc_feat_secret_circle, st_stairs_3
D:2:      layout_loops_ring, hellmonk_ecumenical_altar_run_dry, basic_altar,
          kennysheep_generic_room_5, uniq_crazy_yiuf_cottage, uniq_robin
D:3:      layout_rooms
D:4:      kennysheep_six_static_rooms, layout_basic
D:5:      minmay_evil_eye, layout_rooms, uniq_sigmund, uniq_menkaure,
          uniq_edmund, uniq_blork_the_orc

Skill      XL: |  1  2  3  4  5  6  7 |
---------------+----------------------+-----
Earth Magic    | 4 5 6 7 |  7.0
Fighting       | 1 2 3 |  3.6
Conjurations   | 2 3 |  3.8
Spellcasting   | 3 |  3.7
Dodging        | |  1.5
Stealth        | |  2.1

Action                     |  1- 3 |  4- 6 |  7- 9 || total
---------------------------+-------+-------+-------++-------
  Melee: Unarmed           |       |     5 |       ||     5
         Lance             |       |     2 |     7 ||     9
   Cast: Sandblast         |    44 |   113 |    29 ||   186
         Stone Arrow       |       |       |     1 ||     1
    Use: Scroll            |       |     3 |       ||     3
   Stab: Sleeping          |       |       |     1 ||     1
 Armour: Robe              |    36 |    35 |    29 ||   100
  Dodge: Dodged            |    23 |    47 |    20 ||    90

Table legend: (Time is in decaauts)
 A = Elapsed time spent in this place.
 B = Non-inter-level travel time spent in this place.
 C = Inter-level travel time spent in this place.
 D = Time resting spent in this place.
 E = Time spent auto-exploring this place.
 F = Levels seen in this place.
 G = Mean time per level.
                   A        B        C        D        E       F      G
               +--------+--------+--------+--------+--------+-----+--------+
         Total |   4408 |   4300 |    108 |     40 |   3605 |   5 |  881.6 |
       Dungeon |   4408 |   4300 |    108 |     40 |   3605 |   5 |  881.6 |
               +--------+--------+--------+--------+--------+-----+--------+

Top non-repeatable levels by time:
     D:2: 1405 daAuts
     D:4: 1384 daAuts
     D:1: 995 daAuts
     D:3: 615 daAuts
     D:5: 8 daAuts
